 Dungeon Crawl Stone Soup version 0.20.0-15-g7f486f2 (webtiles) character file.

66191 tkappleton the Carver (level 14, -1/126 HPs)
             Began as a Minotaur Berserker on June 10, 2017.
             Was the Champion of Trog.
             Splashed with acid (11 damage)
             ... on level 1 of the Pits of Slime.
             The game lasted 02:34:01 (26182 turns).

tkappleton the Carver (Minotaur Berserker)         Turns: 26182, Time: 02:34:02

Health: -1/126     AC:  8    Str: 23    XL:     14   Next: 78%
Magic:  17/18      EV: 18    Int:  4    God:    Trog [******]
Gold:   1641       SH:  4    Dex: 14    Spells: 13/13 levels left

rFire    + . .     SeeInvis +   a - +6 long sword of Misery {flame, rC+}
rCold    + . .     Gourm    .   (no shield)
rNeg     . . .     Faith    .   t - +3 ring mail
rPois    .         Spirit   .   I - +2 hat
rElec    .         Reflect  +   D - +1 cloak {+Inv}
rCorr    .         Harm     .   E - +1 pair of gloves
MR       +....                  Q - +2 pair of boots of the Assassin {Detection Stab+ Stlth++}
Stlth    +++.......             r - +4 amulet of reflection
Regen    0.4/turn               u - ring of see invisible
MPRegen  0.2/turn               R - ring of protection from fire

@: corroded, studying Dodging
A: retaliatory headbutt, horns 2
a: Berserk, Trog's Hand, Brothers in Arms, Burn Spellbooks, Renounce Religion,
Evoke Invisibility


You were on level 1 of the Pits of Slime.
You worshipped Trog.
Trog was exalted by your worship.
You were not hungry.

You visited 8 branches of the dungeon, and saw 23 of its levels.

You collected 1696 gold pieces.
You spent 55 gold pieces at shops.

Inventory:

Hand Weapons
 a - the +6 long sword of Misery (weapon) {flame, rC+}
   (You found it on level 10 of the Dungeon)

   It has been specially enchanted to burn those struck by it, causing extra
   injury to most foes and up to half again as much damage against particularly
   susceptible opponents.
   Big, fiery blades are also staple armaments of hydra-hunters.
   It protects you from cold.
 b - the +6 shortbow "Jigg" {velocity, rElec Str-5 Dex+4}
   (Trog gifted it to you on level 3 of the Lair of Beasts)

   Any arrow fired from it inflicts extra damage.
   It affects your strength (-5).
   It affects your dexterity (+4).
   It insulates you from electricity.
Missiles
 g - a tomahawk of returning (quivered)
 j - 183 arrows
 k - 3 silver tomahawks
 s - 12 tomahawks
Armour
 t - a +3 ring mail (worn)
 D - a +1 cloak of invisibility (worn)
 E - a +1 pair of gloves (worn)
 I - a +2 hat (worn)
 Q - the +2 pair of boots of the Assassin (worn) {Detection Stab+ Stlth++}
   (You acquired it on level 2 of the Lair of Beasts)

   It makes you much more stealthy.
Jewellery
 r - a +4 amulet of reflection (around neck)
 u - a ring of see invisible (left hand)
 R - a ring of protection from fire (right hand)
 V - an uncursed ring of resist corrosion
Wands
 f - a wand of iceblast (8/15)
 p - a wand of clouds (5/9)
 z - a wand of confusion (23/48)
 F - a wand of flame (34/48)
 L - a wand of enslavement (11/24)
 M - a wand of scattershot (0/9)
 O - a wand of paralysis (10/24)
Scrolls
 d - a scroll of recharging
 l - 3 scrolls of teleportation
 o - a scroll of blinking
 y - 3 scrolls of magic mapping
 B - a scroll of fog
 C - 5 scrolls of remove curse
 T - 2 scrolls of fear
 X - 2 scrolls of identify
 Z - a scroll of enchant armour
Potions
 e - 2 potions of mutation
 h - 4 potions of brilliance
 n - 2 potions of invisibility
 q - 2 potions of resistance
 v - 3 potions of might
 w - 6 potions of curing
 A - 2 potions of berserk rage
 H - a potion of haste
 N - a potion of agility
 P - a potion of ambrosia
 S - 3 potions of flight
Books
 U - a manual of Dodging
Miscellaneous
 G - a sack of spiders
 W - a fan of gales
Comestibles
 c - 10 bread rations
 m - 31 fruits
 J - 5 meat rations
 K - 3 royal jellies


   Skills:
 - Level 12.2 Fighting
 + Level 13.3 Long Blades
   Level 9.4(11.2) Slings
 - Level 12.3 Bows
 - Level 9.1(10.5) Throwing
 + Level 9.8 Armour
 - Level 11.0 Dodging
 + Level 6.7 Evocations


You had 13 spell levels left.
You didn't know any spells.

Dungeon Overview and Level Annotations

Branches:
Dungeon (10/15)            Temple (1/1) D:7            Lair (6/6) D:10
 Shoals (1/4) Lair:3        Snake (1/4) Lair:2        Slime (1/5) Lair:5
    Orc (2/2) D:10            Elf (1/3) Orc:2

Altars:
Ashenzari
Cheibriados
Dithmenos
Elyvilon
Fedhas
Gozag
Hepliaklqana
Kikubaaqudgha
Makhleb
Nemelex Xobeh
Okawaru
Qazlal
Ru
Sif Muna
Trog
Uskayaw
Vehumet
Xom
Yredelemnul
Zin
The Shining One
Jiyva

Shops:
D:4 [   D:7 (   D:8 =   Orc:2 (}[![=

Annotations:
D:6 Prince Ribbit
D:10 exclusion: obsidian statue


Innate Abilities, Weirdness & Mutations

You reflexively headbutt those who attack you in melee.
You have a pair of horns on your head.


Message History

The acid blob is almost dead.
The tomahawk of returning returns to your pack!
The acid blob spits acid at you. The splash of acid hits you!
You are splashed with acid!
The acid burns!
Throwing (i - inventory. (,) - cycle):
g - 2 tomahawks of returning (quivered)
Press: ? - help, Shift-Dir - straight line, f/p - acid blob
Aim: an acid blob (almost dead, poisoned)
You throw a tomahawk of returning.
The tomahawk of returning barely misses the acid blob.
The tomahawk of returning fails to return to your pack!
The acid blob spits acid at you. The splash of acid hits you!
The acid corrodes you!
You are splashed with acid!
The acid burns!
* * * LOW HITPOINT WARNING * * *
You are splashed with acid!
The walls burn you!
* * * LOW HITPOINT WARNING * * *
You kill the acid blob!
Trog accepts your kill.
You feel better.
You are splashed with acid!
The walls burn you!
You die...

...###............
....#..............
..#................
. #.........>.......
.(#.................
..(.................
...(...............#
..................##
#.......@..........#
#.....##.#....#....#
##....#####.........
###.#.# ##.........
###...##..........
##.#...#......#..##
#...#.##.....##.##
###..#...#....## .
#............## #


There were no monsters in sight!

Vanquished Creatures
  Gastronok (Lair:2)
  An acid blob (Slime:1)
  Josephine (Lair:5)
  A naga warrior (Lair:2)
  5 hydras
  Erolcha (Orc:1)
  Harold (Lair:3)
  A catoblepas (Lair:4)
  4 two-headed ogres
  A death yak (Lair:4)
  Urug (Lair:2)
  4 orc high priests (Orc:2)
  An orc knight (Orc:2)
  An orc sorcerer (Orc:2)
  A manticore (Shoals:1)
  6 elephants
  6 black mambas
  24 spiny frogs
  2 rime drakes
  14 komodo dragons
  A merfolk (Shoals:1)
  5 trolls
  5 tyrant leeches (Lair:6)
  2 polar bears
  39 blink frogs
  10 hippogriffs
  7 dream sheep (Lair:5)
  A slime creature (Lair:3)
  Sigmund (D:3)
  30 yaks
  A centaur simulacrum (D:10)
  3 wraiths
  6 vampire mosquitoes
  4 nagas (Snake:1)
  3 wargs
  Duvessa (D:4)
  17 water moccasins
  18 orc warriors
  14 porcupines
  4 ice beasts
  3 phantoms
  A necrophage (D:8)
  2 sky beasts (D:8)
  6 wolves
  6 ogres
  2 centaurs
  3 big kobolds
  7 crocodiles
  31 bullfrogs
  Dowan (D:4)
  4 scorpions
  A wyvern skeleton (D:10)
  6 killer bees
  8 wights
  7 electric eels
  A howler monkey (D:7)
  2 quasits
  5 crimson imps
  2 bullfrog skeletons (D:8)
  24 orc priests
  6 jellies
  Crazy Yiuf (D:3)
  3 hounds
  2 centaur skeletons
  2 iguanas
  Natasha (thrice) (D:2)
  21 orc wizards
  3 worker ants
  A bullfrog simulacrum (D:10)
  2 killer bee simulacra (D:10)
  17 adders
  6 gnolls
  A howler monkey skeleton (D:4)
  4 shadow imps
  A white imp (D:10)
  3 ufetubi (D:10)
  12 oozes (Lair:3)
  An adder skeleton (D:9)
  3 worms
  A dart slug (D:5)
  3 leopard geckos
  68 orcs
  7 giant cockroaches
  5 hobgoblins
  9 jackals
  A quokka (D:9)
  A ball python (D:2)
  5 bats
  5 frilled lizards
  7 goblins
  14 kobolds
  2 rats (D:2)
591 creatures vanquished.

Vanquished Creatures (others)
  A lindwurm (Lair:4)
  A centaur (D:9)
  A kobold (D:8)
  9 fungi
  33 plants
  15 toadstools (Lair:4)
60 creatures vanquished.

Grand Total: 651 creatures vanquished

Notes
Turn   | Place    | Note
-------+----------+-------------------------------------------
     0 | D:1      | tkappleton the Minotaur Berserker began the quest for the Orb.
     0 | D:1      | Reached XP level 1. HP: 19/19 MP: 0/0
   383 | D:1      | Reached skill level 4 in Long Blades
   671 | D:1      | Reached XP level 2. HP: 26/26 MP: 1/1
  1128 | D:2      | Noticed Natasha
  1135 | D:2      | Killed Natasha
  1135 | D:2      | Reached skill level 5 in Long Blades
  1135 | D:2      | Reached XP level 3. HP: 22/31 MP: 2/2
  1173 | D:2      | You fall through a shaft for 2 floors!
  1187 | D:4      | Reached ** piety under Trog
  1187 | D:4      | Reached XP level 4. HP: 26/39 MP: 3/3
  1233 | D:4      | Reached skill level 6 in Long Blades
  1339 | D:4      | Noticed an ogre
  1362 | D:4      | Killed an ogre
  1362 | D:4      | Reached skill level 7 in Long Blades
  1362 | D:4      | Reached XP level 5. HP: 45/45 MP: 4/4
  1811 | D:2      | Noticed Natasha
  1814 | D:2      | Killed Natasha
  1881 | D:2      | Reached skill level 8 in Long Blades
  2139 | D:2      | Reached XP level 6. HP: 51/51 MP: 5/5
  2870 | D:2      | Noticed Natasha
  2878 | D:2      | Killed Natasha
  3004 | D:3      | Found a runed door.
  3113 | D:3      | Reached *** piety under Trog
  3153 | D:3      | Found a bloodstained altar of Trog.
  3230 | D:3      | Noticed Sigmund
  3243 | D:3      | Killed Sigmund
  3243 | D:3      | Reached skill level 9 in Long Blades
  3243 | D:3      | Reached XP level 7. HP: 47/57 MP: 6/6
  3335 | D:3      | Found a sacrificial altar of Ru.
  3439 | D:3      | Found a stormy altar of Qazlal.
  3502 | D:3      | Noticed Crazy Yiuf
  3509 | D:3      | Killed Crazy Yiuf
  3742 | D:4      | Reached skill level 10 in Long Blades
  3806 | D:4      | Noticed Dowan
  3807 | D:4      | Noticed Duvessa
  3826 | D:4      | Killed Duvessa
  3838 | D:4      | Killed Dowan
  3838 | D:4      | Reached skill level 5 in Fighting
  4173 | D:4      | Found Duocofuq's Armour Shoppe.
  4343 | D:5      | Entered Level 5 of the Dungeon
  4501 | D:5      | Found a hide-covered altar of Uskayaw.
  4674 | D:5      | Reached XP level 8. HP: 71/71 MP: 7/7
  4927 | D:5      | Found an opulent altar of Gozag.
  5261 | D:6      | Found a deep blue altar of Sif Muna.
  5392 | D:6      | Noticed Prince Ribbit
  5670 | D:6      | Found a glowing golden altar of the Shining One.
  5671 | D:6      | Found an ancient bone altar of Kikubaaqudgha.
  5673 | D:6      | Found a glowing silver altar of Zin.
  5754 | D:6      | Reached skill level 10 in Fighting
  5839 | D:6      | Found a blossoming altar of Fedhas.
  6015 | D:6      | Found a burning altar of Makhleb.
  6017 | D:6      | Found a shattered altar of Ashenzari.
  8887 | D:7      | Reached XP level 9. HP: 89/89 MP: 8/8
  9020 | D:7      | Found a staircase to the Ecumenical Temple.
  9042 | Temple   | Entered the Ecumenical Temple
  9383 | D:7      | Got a twisted long sword
  9384 | D:7      | Identified the cursed +3 long sword "Laaso" {slice, rF- Int+2 Dex+7} (You found it on level 7 of the Dungeon)
  9455 | D:7      | Found Zewu's Antique Weapon Boutique.
  9800 | D:8      | Found Hoasmev's Jewellery Shop.
  9833 | D:8      | Noticed a two-headed ogre
  9848 | D:8      | Killed a two-headed ogre
 10168 | D:8      | Reached XP level 10. HP: 97/97 MP: 9/9
 10256 | D:8      | Reached **** piety under Trog
 10877 | D:9      | Noticed a two-headed ogre
 10885 | D:9      | Killed a two-headed ogre
 10965 | D:9      | Reached skill level 10 in Dodging
 11225 | D:9      | Reached ***** piety under Trog
 11422 | D:10     | Entered Level 10 of the Dungeon
 11423 | D:10     | Noticed an obsidian statue
 11424 | D:10     | Noticed a rust devil
 11554 | D:10     | Reached skill level 1 in Slings
 11554 | D:10     | Reached skill level 1 in Throwing
 12348 | D:10     | Got an iridescent long sword
 12349 | D:10     | Identified the +6 long sword of Misery {flame, rC+} (You found it on level 10 of the Dungeon)
 12550 | D:10     | Reached XP level 11. HP: 65/104 MP: 10/10
 12555 | D:10     | Received a gift from Trog
 13047 | D:10     | Found a staircase to the Lair.
 13084 | D:10     | Found a staircase to the Orcish Mines.
 13134 | D:10     | Noticed a two-headed ogre
 13135 | D:10     | Reached skill level 5 in Slings
 13141 | D:10     | Killed a two-headed ogre
 13282 | D:10     | Reached skill level 5 in Throwing
 13658 | D:10     | Noticed a soul eater
 14022 | Orc:1    | Entered Level 1 of the Orcish Mines
 14137 | Orc:2    | Entered Level 2 of the Orcish Mines
 14225 | Orc:2    | Found Ruodoupim's Jewellery Shop.
 14232 | Orc:2    | Found Bekuac's Armour Shoppe.
 14471 | Orc:2    | Found Xyqext's Distillery.
 15015 | Orc:2    | Bought a potion of heal wounds for 55 gold pieces
 15046 | Orc:2    | Noticed an orc knight
 15090 | Orc:2    | Killed an orc knight
 15245 | Orc:2    | Noticed an orc sorcerer
 15261 | Orc:2    | Noticed an orc high priest
 15751 | Orc:2    | Killed an orc high priest
 15870 | Orc:2    | Received a gift from Trog
 15884 | Orc:2    | Noticed a two-headed ogre
 15890 | Orc:2    | Killed a two-headed ogre
 15948 | Orc:2    | Noticed an orc high priest
 15954 | Orc:2    | Killed an orc high priest
 16027 | Orc:2    | Killed an orc sorcerer
 16031 | Orc:2    | Noticed an orc high priest
 16034 | Orc:2    | Noticed a soul eater
 16047 | Orc:2    | Killed an orc high priest
 16270 | Orc:2    | Noticed an orc high priest
 16286 | Orc:2    | Killed an orc high priest
 16286 | Orc:2    | Reached XP level 12. HP: 108/112 MP: 11/11
 16308 | Orc:2    | Found Bikocvim's Gadget Boutique.
 16308 | Orc:2    | Found Doili's Weapon Boutique.
 16310 | Orc:2    | Found Pustiyc's Armour Shop.
 16326 | Orc:2    | Found Uxovos's Jewellery Shop.
 16507 | Orc:2    | Found a staircase to the Elven Halls.
 16515 | Elf:1    | Entered Level 1 of the Elven Halls
 16786 | Orc:1    | Noticed Erolcha
 16799 | Orc:1    | Killed Erolcha
 17339 | Lair:1   | Entered Level 1 of the Lair of Beasts
 17377 | Lair:1   | Reached skill level 1 in Bows
 17630 | Lair:1   | Reached skill level 5 in Bows
 17997 | Lair:1   | Received a gift from Trog
 18091 | Lair:1   | Noticed a four-headed hydra
 18107 | Lair:1   | Killed a three-headed hydra
 18830 | Lair:2   | Noticed Urug
 18852 | Lair:2   | Killed Urug
 19239 | Lair:2   | Found a staircase to the Snake Pit.
 19287 | Lair:2   | Received a gift from Trog
 19302 | Snake:1  | Entered Level 1 of the Snake Pit
 19308 | Snake:1  | Noticed a naga warrior
 19323 | Lair:2   | Killed a naga warrior
 19390 | Snake:1  | Reached skill level 10 in Bows
 19396 | Snake:1  | Reached XP level 13. HP: 111/118 MP: 12/12
 19711 | Lair:2   | Identified a scroll of acquirement
 19862 | Lair:2   | Noticed Gastronok
 19875 | Lair:2   | Killed Gastronok
 20087 | Lair:3   | Received a gift from Trog
 20092 | Lair:3   | Got a shimmering shortbow {god gift}
 20093 | Lair:3   | Identified the +6 shortbow "Jigg" {velocity, rElec Str-5 Dex+4} (Trog gifted it to you on level 3 of the Lair of Beasts)
 20131 | Lair:3   | Noticed Harold
 20149 | Lair:3   | Killed Harold
 20585 | Lair:3   | Found a staircase to the Shoals.
 20649 | Shoals:1 | Entered Level 1 of the Shoals
 20897 | Lair:3   | Reached skill level 1 in Evocations
 21985 | Lair:4   | Reached skill level 5 in Armour
 21996 | Lair:4   | Received a gift from Trog
 21996 | Lair:4   | Reached skill level 11 in Long Blades
 22080 | Lair:4   | Found a runed door.
 22708 | Lair:5   | Noticed Josephine
 22845 | Lair:5   | Killed Josephine
 23214 | Lair:5   | Reached ****** piety under Trog
 23440 | Lair:5   | Found a viscous altar of Jiyva.
 23441 | Lair:5   | Found a staircase to the Slime Pits.
 23452 | Slime:1  | Entered Level 1 of the Pits of Slime
 23611 | Lair:5   | Reached XP level 14. HP: 126/126 MP: 16/16
 24170 | Lair:6   | Entered Level 6 of the Lair of Beasts
 24374 | Lair:6   | Reached skill level 12 in Long Blades
 24578 | Lair:6   | Reached skill level 5 in Evocations
 24595 | Lair:6   | Received a gift from Trog
 25706 | Lair:6   | Reached skill level 13 in Long Blades
 26167 | Slime:1  | Noticed an acid blob
 26181 | Slime:1  | HP: 4/126 [acid (18)]
 26181 | Slime:1  | Killed an acid blob
 26182 | Slime:1  | Splashed with acid

Skill      XL: |  1  2  3  4  5  6  7  8  9 10 11 12 13 14 |
---------------+-------------------------------------------+-----
Long Blades    | 4 5 7 8 9 10 11 13 | 13.3
Fighting       | 6 11 12 | 12.2
Dodging        | 7 11 | 11.0
Slings         | 4 8 9 |  9.4
Throwing       | 3 8 9 |  9.1
Bows           | 10 12 | 12.3
Evocations     | 4 6 |  6.7
Armour         | 6 9 |  9.8

Action                   |  1- 3 |  4- 6 |  7- 9 | 10-12 | 13-15 || total
-------------------------+-------+-------+-------+-------+-------++-------
Melee: Falchion          |    34 |    97 |   236 |       |       ||   367
       Headbutt          |     3 |    18 |    65 |   117 |   119 ||   322
       Long sword        |       |       |    29 |   453 |   386 ||   868
 Fire: Hunting sling     |    24 |    49 |   152 |   296 |       ||   521
       Shortbow          |       |       |       |    88 |   276 ||   364
Throw: Tomahawk          |       |       |       |   177 |   182 ||   359
       Stone             |       |       |       |    79 |       ||    79
Invok: Berserk           |       |     1 |     2 |       |     2 ||     5
       Burn Spellbooks   |       |     1 |       |       |     3 ||     4
       Trog's Hand       |       |       |       |       |     1 ||     1
Evoke: Wand              |       |       |       |     1 |       ||     1
  Use: Scroll            |     1 |       |    12 |     7 |    13 ||    33
       Potion            |       |       |       |     7 |     5 ||    12
 Stab: Sleeping          |       |       |       |       |     3 ||     3
  Eat: Chunk             |     1 |     7 |    10 |    29 |    22 ||    69
       Fruit             |       |       |     8 |       |     1 ||     9
       Meat ration       |       |       |     1 |       |       ||     1
       Royal jelly       |       |       |     1 |       |       ||     1
Armor: Animal skin       |     2 |       |       |       |       ||     2
       Chain mail        |    12 |     2 |       |       |       ||    14
       Leather armour    |     2 |       |       |       |       ||     2
       Ring mail         |       |    32 |   126 |   100 |   127 ||   385
Dodge: Dodged            |    14 |    45 |   147 |   363 |   284 ||   853
Block: Other             |       |    18 |    53 |    50 |    51 ||   172
       Reflection        |       |       |     1 |    16 |       ||    17
       Buckler           |       |       |     7 |    54 |       ||    61
       Rpst.: Falchion   |     6 |    17 |    29 |       |       ||    52
       Long sword        |       |       |     4 |    77 |    64 ||   145
